 Dungeon Crawl Stone Soup version 0.32-a0-685-g93135e8 (webtiles) character file.

Game seed: 13446760319204983518

18533 Toastz the Nimble (level 12, 0/58 HPs)
             Began as a Spriggan Enchanter on Mar 12, 2024.
             Was an Elder of Hepliaklqana.
             Killed by the air
             ... invoked by Gastronok
              (25 damage)
             ... on level 2 of the Lair of Beasts.
             The game lasted 00:38:37 (12213 turns).

Toastz the Nimble (Spriggan Enchanter)             Turns: 12213, Time: 00:38:37

Health: 0/58       AC:  8    Str:  4    XL:     12   Next: 28%
Magic:  14/23      EV: 30    Int: 21    God:    Hepliaklqana [****..]
Gold:   671        SH:  5    Dex: 16    Spells: 11/25 levels left

rFire   . . .        a - +2 dagger (venom)
rCold   . . .        (no shield)
rNeg    . . .        O - +0 steam dragon scales
rPois   .            A - +2 hat
rElec   .            o - +0 cloak
rCorr   +            (gloves unavailable)
SInv    +            (boots unavailable)
Will    ++...        s - amulet of reflection
Stlth   ++++         r - ring of resist corrosion
HPRegen 0.29/turn    G - +5 ring of evasion
MPRegen 0.18/turn

%: reflection
@: confusing by touch, very quick
A: reduced essence, very small, no large weapons, unfitting armour, see
invisible, speed 3
a: Renounce Religion, Recall Ancestor, Ancestor Identity, Transference, Idealise


You were on level 2 of the Lair of Beasts.
You worshipped Hepliaklqana.
Hepliaklqana was greatly pleased with you.
You visited 3 branches of the dungeon, and saw 12 of its levels.
You also visited: Sewer.

You collected 761 gold pieces.
You spent 90 gold pieces at shops.

Inventory:

Hand Weapons
 a - a +2 dagger of venom (weapon)
 b - a +4 short sword
Missiles
 i - 3 boomerangs
 j - 28 poisoned darts (quivered)
 B - 4 datura-tipped darts
 J - 2 atropa-tipped darts
 Q - 3 curare-tipped darts
Armour
 o - a +0 cloak (worn)
 A - a +2 hat (worn)
 L - a +0 troll leather armour
 M - a scarf of invisibility
 O - +0 steam dragon scales (worn)
Jewellery
 r - a ring of resist corrosion (left hand)
 s - an amulet of reflection (around neck)
 G - a +5 ring of evasion (right hand)
 I - an amulet of magic regeneration
Wands
 n - a wand of charming (16)
 H - a wand of warping (27)
Scrolls
 e - 4 scrolls of enchant weapon
 f - 4 scrolls of teleportation
 g - a scroll of blinking {unknown}
 k - 2 scrolls of immolation {unknown}
 t - a scroll of vulnerability
 x - 4 scrolls of poison
 y - a scroll of silence {unknown}
 C - 2 scrolls of revelation
 D - a scroll of summoning
 E - a scroll of fog
 K - 3 scrolls of amnesia
Potions
 c - 2 potions of invisibility
 d - a potion of attraction {unknown}
 h - 5 potions of magic
 l - a potion of berserk rage
 m - 4 potions of heal wounds
 p - 3 potions of brilliance
 q - 6 potions of curing
 u - 4 potions of haste
 v - 2 potions of mutation
 w - a potion of cancellation
 z - 4 potions of enlightenment
 F - 2 potions of might
 N - a potion of ambrosia
 P - a potion of degeneration {unknown}
 R - a potion of lignification {unknown}


   Skills:
 + Level 8.3 Fighting
 - Level 10.0 Short Blades
 - Level 2.0 Armour
 + Level 12.0 Dodging
 - Level 10.0 Stealth
 - Level 7.0 Spellcasting
 - Level 4.0 Conjurations
 - Level 10.0 Hexes
 - Level 1.0 Ice Magic


You had 11 spell levels left.
You knew the following spells:

 Your Spells              Type           Power      Damage    Failure   Level
a - Ensorcelled Hibernat  Hex/Ice        60%        N/A       1%          2
b - Confusing Touch       Hex            49%        N/A       1%          3
c - Tukima's Dance        Hex            49%        N/A       1%          3
d - Dazzling Flash        Conj/Hex       72%        N/A       1%          3
e - Inner Flame           Hex/Fire       28%        N/A       3%          3

Your spell library contained the following spells:

 Spells                   Type           Power      Damage    Failure   Level
 Kiss of Death            Conj/Necr      60%        2d10      3%          1
 Stone Arrow              Conj/Erth      30%        3d8       12%         3
 Call Imp                 Summ           14%        N/A       13%         2
 Sublimation of Blood     Necr           7%         N/A       13%         2
 Call Canine Familiar     Summ           7%         N/A       26%         3
 Flame Wave               Conj/Fire      15%        2d7       36%         4
 Dispel Undead            Necr           7%         3d8       65%         4
 Sticky Flame             Fire/Alch      7%         2d4       65%         4
 Lee's Rapid Deconstruct  Erth           3%         3d5*      94%         5
 Monstrous Menagerie      Summ           3%         N/A       100%        7
 Summon Hydra             Summ           3%         N/A       100%        7


Dungeon Overview and Level Annotations

Branches:
Dungeon (9/15)             Temple (1/1) D:7            Lair (2/5) D:9
  Sewer (visited)
  Swamp: Lair:2-3    Shoals: Lair:2-3     Snake: Lair:2-3    Spider: Lair:2-3
    Orc: D:9-12

Altars:
Ashenzari
Dithmenos
Elyvilon
Fedhas
Gozag
Hepliaklqana
Kikubaaqudgha
Makhleb
Nemelex Xobeh
Okawaru
Qazlal
Ru
Sif Muna
Trog
Uskayaw
Vehumet
Wu Jian
Xom
Yredelemnul
The Shining One

Shops:
D:7 [*?!:

Annotations:
Lair:2 Gastronok


Innate Abilities, Weirdness & Mutations

Your life essence is reduced to manifest your ancestor. (-10% HP)
You are very small and have problems with some larger weapons.
You are too small for most types of armour.
You have supernaturally acute eyesight. (SInv)
You cover ground extremely quickly. (Speed+++)


Message History

You hit the elephant.
The elephant looks as sick as possible!
The elephant is moderately wounded.
Casola hits the elephant with a +0 dagger of draining.
The elephant barely misses you. The elephant closely misses you.
You strike the helpless elephant from behind!
You impale the elephant!!
The elephant looks as sick as possible!
The elephant is almost dead.
The elephant is no longer blind.
Casola hits the elephant with a +0 dagger of draining!
The elephant dies!
Your Dodging skill increases to level 12!
You start resting.
A nearby fungus withers and dies.
You swap places.
You start resting.
Gastronok is nearby!
Casting: Dazzling Flash (safe; 1% risk of failure)
Confirm with . or Enter, or press ? or * to list all spells.
Aiming: Ensorcelled Hibernation (safe; 1% risk of failure)
Press: ? - help, Shift-Dir - straight line, f - Gastronok
Aim: Gastronok, wearing a +0 hat (ally target, chance to affect: 13%) Gastronok resists with almost no effort.
Casting: Ensorcelled Hibernation (safe; 1% risk of failure)
Confirm with . or Enter, or press ? or * to list all spells.
Your hands begin to glow red.
You hit Gastronok but do no damage. Gastronok bites you!!
Ouch! That really hurt!
You hit Gastronok but do no damage.
Casola hits Gastronok with a +0 dagger of draining.
Casola drains Gastronok.
You hit Gastronok but do no damage.
Gastronok is lightly wounded.
Casola hits Gastronok with a +0 dagger of draining!
Casola drains Gastronok.
You hit Gastronok but do no damage.
Gastronok is lightly wounded.
Gastronok waves his eye-stalks in wide circles.
The air twists around and strikes you!!
You die...
Gastronok gurgles, "Let's see if you taste as good as that wizard did."
Hepliaklqana delivers you to your ancestors.

#.............# #P..........
#.#...w..........## ##........#.
##...............>###P.....#####
#................. ##...###
#................# #####
..w............. #
....!..........### ###.#
.......w.##.#.#P... #
.......R@##.#......###.#.
.........................
.................[.......
.......#.P...........##P#
.....##..#...........## .###P
###............# # #...........#
##..>...<....# #...........##


You could see the friendly Casola the hexer and Gastronok (drained, ally
target).

Vanquished Creatures
  A hydra (Lair:2)
  A centaur warrior (D:8)
  A death yak (Lair:1)
  Sonja (Lair:1)
  2 skysharks
  A manticore (D:8)
  2 elephants (Lair:2)
  2 black mambas
  A cane toad (Lair:1)
  An unseen horror (D:8)
  2 komodo dragons (Lair:1)
  A troll (D:8)
  11 blink frogs (Lair:1)
  Sigmund (D:4)
  2 yaks (D:8)
  A wyvern (Lair:1)
  A basilisk (Lair:1)
  3 steam dragons
  4 water moccasins
  An ice beast (D:7)
  4 orc warriors
  2 black bears (D:5)
  5 ogres
  3 centaurs
  7 wolves (Lair:1)
  2 kobold brigands
  7 bullfrogs
  3 scorpions
  9 wights
  6 killer bees (D:7)
  4 howler monkeys
  6 hounds
  7 orc priests
  A gnoll bouda (D:5)
  3 sleepcaps
  Terence (D:2)
  4 iguanas
  7 orc wizards
  10 gnolls
  9 adders
  2 river rats
  4 ribbon worms
  2 dart slugs
  42 orcs
  5 ball pythons
  10 endoplasms
  3 giant cockroaches
  7 goblins
  6 hobgoblins
  11 jackals
  12 kobolds
  8 quokkas
  5 bats
  3 frilled lizards
  7 rats
267 creatures vanquished.

Vanquished Creatures (collateral kills)
  Amaemon (Lair:1)
  A lindwurm (Lair:2)
  A black mamba (Lair:2)
  An elephant (Lair:2)
  A torpor snail (Lair:1)
  An orange demon (Lair:1)
  A yak (D:8)
  A basilisk (Lair:2)
  A water moccasin (Lair:1)
  3 orc warriors
  3 wolves (Lair:1)
  5 bullfrogs
  A gnoll sergeant (D:8)
  4 wights
  A howler monkey (D:8)
  An iguana (D:9)
  2 orc wizards (D:8)
  A sleepcap (D:8)
  3 gnolls (D:8)
  A shadow imp (D:8)
  8 orcs
42 creatures vanquished.

Vanquished Creatures (others)
  A dancing weapon (D:5)
  An orc warrior (D:9)
  4 hexers
  3 ancestors (D:6)
  2 orcs (D:9)
  A kobold (D:4)
12 creatures vanquished.

Grand Total: 321 creatures vanquished

Notes
Turn   | Place    | Note
-------+----------+-------------------------------------------
     0 | D:1      | Toastz the Spriggan Enchanter began the quest for the Orb.
     0 | D:1      | Reached XP level 1. HP: 9/9 MP: 5/5
   242 | D:1      | Reached skill level 3 in Dodging
   255 | D:1      | Reached XP level 2. HP: 11/14 MP: 6/6
   316 | D:1      | Learned a level 2 spell: Ensorcelled Hibernation
   821 | D:1      | Reached skill level 1 in Fighting
  1230 | D:2      | Reached XP level 3. HP: 18/18 MP: 0/8
  1521 | D:2      | Learned a level 3 spell: Confusing Touch
  1653 | D:2      | Noticed Terence
  1862 | D:2      | Killed Terence
  1863 | D:2      | Reached skill level 1 in Ice Magic
  1863 | D:2      | Reached XP level 4. HP: 22/22 MP: 4/9
  2149 | D:3      | Learned a level 3 spell: Tukima's Dance
  2849 | D:4      | Noticed a scorpion
  2987 | D:3      | Reached XP level 5. HP: 16/26 MP: 5/11
  3133 | D:4      | Reached skill level 5 in Stealth
  3168 | D:4      | Found a glowing drain.
  3251 | Sewer    | Entered a sewer
  3268 | Sewer    | Learned a level 3 spell: Dazzling Flash
  3622 | Sewer    | Reached XP level 6. HP: 11/30 MP: 3/13
  3788 | D:4      | Reached skill level 5 in Hexes
  4080 | D:4      | Reached XP level 7. HP: 13/35 MP: 2/14
  4250 | D:4      | Noticed Sigmund
  4259 | D:4      | Killed Sigmund
  4748 | D:4      | Found a hazy altar of Hepliaklqana.
  4750 | D:4      | Found a faded altar of an unknown god.
  4911 | D:4      | Became a worshipper of Hepliaklqana the Forgotten
  4951 | D:5      | Entered Level 5 of the Dungeon
  5018 | D:5      | Reached XP level 8. HP: 38/40 MP: 9/15
  5868 | D:5      | Reached skill level 1 in Conjurations
  5925 | D:5      | Reached skill level 5 in Short Blades
  6199 | D:5      | Reached * piety under Hepliaklqana
  6732 | D:6      | Found a shimmering blue altar of Sif Muna.
  6916 | D:6      | Reached XP level 9. HP: 33/41 MP: 12/16
  6976 | D:6      | Found an ornate altar of the Wu Jian Council.
  7345 | D:7      | Found a staircase to the Ecumenical Temple.
  7360 | Temple   | Entered the Ecumenical Temple
  7606 | D:7      | Reached skill level 10 in Stealth
  7617 | D:7      | Reached skill level 5 in Fighting
  7640 | D:7      | Found Ecsem's Distillery.
  7853 | D:7      | Found Ibak Qoe's Book Emporium.
  7899 | D:7      | Found Tevudek's Magic Scroll Boutique.
  7902 | D:7      | Bought a scroll of identify for 30 gold pieces
  7902 | D:7      | Bought a scroll of identify for 30 gold pieces
  7902 | D:7      | Bought a scroll of identify for 30 gold pieces
  8052 | D:7      | Found Egaaf's Assorted Antiques.
  8141 | D:7      | Found Gataohoi's Antique Armour Emporium.
  8194 | D:7      | Reached ** piety under Hepliaklqana
  8195 | D:7      | Remembered your ancestor Casola as a hexer
  8408 | D:8      | Noticed a troll
  8412 | D:8      | Noticed a centaur warrior
  8415 | D:8      | Killed a troll
  8416 | D:8      | Reached skill level 4 in Dodging
  8418 | D:8      | Noticed an unseen horror
  8418 | D:8      | Noticed a manticore
  8420 | D:8      | Killed a centaur warrior
  8421 | D:8      | Reached skill level 5 in Dodging
  8421 | D:8      | Reached skill level 5 in Spellcasting
  8421 | D:8      | Killed a manticore
  8422 | D:8      | Reached XP level 10. HP: 45/45 MP: 16/19
  8624 | D:8      | Reached skill level 6 in Dodging
  8850 | D:8      | Reached skill level 10 in Hexes
  8858 | D:8      | Reached skill level 1 in Armour
  8973 | D:8      | Reached skill level 7 in Dodging
  9181 | D:8      | Found a burning altar of Makhleb.
  9357 | D:9      | Found a staircase to the Lair.
  9574 | D:9      | Reached skill level 8 in Dodging
 10044 | D:9      | Reached *** piety under Hepliaklqana
 10414 | Lair:1   | Entered Level 1 of the Lair of Beasts
 10414 | Lair:1   | Noticed a skyshark
 10414 | Lair:1   | Noticed a black mamba
 10415 | Lair:1   | Killed a black mamba
 10430 | Lair:1   | Killed a skyshark
 10431 | Lair:1   | Reached XP level 11. HP: 44/50 MP: 12/21
 10481 | Lair:1   | Noticed Sonja
 10490 | Lair:1   | Killed Sonja
 10508 | Lair:1   | Reached skill level 9 in Dodging
 10728 | Lair:1   | Found a glowing golden altar of the Shining One.
 10728 | Lair:1   | Noticed Amaemon
 10739 | Lair:1   | Reached skill level 10 in Short Blades
 10759 | Lair:1   | Killed Amaemon
 10975 | Lair:1   | Reached skill level 10 in Dodging
 11218 | Lair:1   | Got the Parchment of the Familiar and the Crater
 11223 | Lair:1   | Learned a level 3 spell: Inner Flame
 11651 | Lair:1   | Noticed a death yak
 11658 | Lair:1   | Killed a death yak
 11730 | Lair:2   | Noticed a six-headed hydra
 11734 | Lair:2   | Killed a six-headed hydra
 11735 | Lair:2   | Reached skill level 11 in Dodging
 11735 | Lair:2   | Reached XP level 12. HP: 56/56 MP: 20/23
 11995 | Lair:2   | Reached **** piety under Hepliaklqana
 11999 | Lair:2   | Noticed Gastronok
 12198 | Lair:2   | Reached skill level 12 in Dodging
 12213 | Lair:2   | Killed from afar by Gastronok

Illustrated notes

Levels and vault maps discovered:
D:1:      lemuel_arrival_tunnels, layout_loops_corners
D:2:      layout_rooms, grunt_ministairs_13, uniq_terence
D:3:      layout_basic
D:4:      layout_cave_pools, beargit_hepliaklqana_dungeon_heroes,
          nicolae_overflow_hidden_temple,
          mainiacjoe_sewer_entry_somewhere_in_here_1, uniq_sigmund
D:5:      layout_layer_cave, nrook_pool_corridor
D:6:      layout_rooms, hellmonk_sif_muna_bookshelves,
          mainiacjoe_overflow_24_doors, hex_large
D:7:      layout_loops_ring, minmay_temple_entry_purple_smoke, serial_shops,
          nicolae_shop_window_shopping, shop,
          nicolae_shop_competitors_out_of_business, shop, nicolae_shop_trees,
          kennysheep_generic_room_9
D:8:      minmay_curly_fans, layout_rooms, makhleb_blood_cavern_becter,
          kennysheep_path_1, minmay_quadrilaterals
D:9:      layout_roguey [special_room_orc], dpeg_lair_monsters
Temple:   compressed_dpeg_triangle_lava_temple
Lair:1:   layout_chaotic_city, basic_altar, uniq_amaemon, uniq_sonja
Lair:2:   layout_cave_pods, uniq_gastronok

Skill      XL: |  1  2  3  4  5  6  7  8  9 10 11 12 |
---------------+-------------------------------------+-----
Dodging        | 3 5 8 11 12 | 12.0
Hexes          | 4 5 6 7 9 10 | 10.0
Fighting       | 1 2 3 4 5 7 8 |  8.3
Spellcasting   | 3 4 5 6 7 |  7.0
Ice Magic      | 1 |  1.0
Stealth        | 5 6 7 9 10 | 10.0
Short Blades   | 2 3 4 5 7 9 10 | 10.0
Conjurations   | 2 4 |  4.0
Armour         | 2 |  2.0

Action                     |  1- 3 |  4- 6 |  7- 9 | 10-12 || total
---------------------------+-------+-------+-------+-------++-------
  Melee: Dagger            |   102 |   166 |    74 |   164 ||   506
         Rapier            |       |       |     4 |       ||     4
         Short sword       |       |       |   123 |   200 ||   323
  Throw: Dart              |     2 |       |       |       ||     2
   Cast: Ensorcelled Hiber |    23 |    46 |    48 |    61 ||   178
         Confusing Touch   |     2 |     3 |     7 |     5 ||    17
         Tukima's Dance    |       |     2 |     4 |     9 ||    15
         Dazzling Flash    |       |       |     7 |    21 ||    28
 Invoke: Ancestor Identity |       |       |     3 |       ||     3
         Recall Ancestor   |       |       |     2 |     4 ||     6
         Ancestor Life: He |       |       |     1 |       ||     1
    Use: Scroll            |       |       |    13 |     6 ||    19
   Stab: Sleeping          |    27 |    39 |    41 |    34 ||   141
         Confused          |     3 |     3 |     5 |    15 ||    26
         Distracted        |       |       |     3 |     6 ||     9
         Invisible         |       |       |     7 |    22 ||    29
 Armour: Robe              |    19 |    63 |    49 |     6 ||   137
         Troll leather arm |       |       |       |    33 ||    33
         Steam dragon scal |       |       |       |    44 ||    44
  Dodge: Dodged            |    67 |   124 |   112 |   309 ||   612
  Block: Other             |       |    30 |    26 |    59 ||   115
         Reflection        |       |       |     1 |       ||     1

Table legend: (Time is in decaauts)
 A = Elapsed time spent in this place.
 B = Non-inter-level travel time spent in this place.
 C = Inter-level travel time spent in this place.
 D = Time resting spent in this place.
 E = Time spent auto-exploring this place.
 F = Levels seen in this place.
 G = Mean time per level.
                   A        B        C        D        E       F      G
               +--------+--------+--------+--------+--------+-----+--------+
         Total |   9253 |   8999 |    254 |   2288 |   4644 |  13 |  711.8 |
       Dungeon |   7349 |   7121 |    228 |   1637 |   3825 |   9 |  816.6 |
        Temple |      9 |      8 |      1 |      0 |      0 |   1 |    9.0 |
          Lair |   1413 |   1389 |     24 |    580 |    522 |   2 |  706.5 |
         Sewer |    481 |    481 |      0 |     70 |    296 |   1 |  481.0 |
               +--------+--------+--------+--------+--------+-----+--------+

Top non-repeatable levels by time:
  Lair:1: 1137 daAuts
     D:5: 1109 daAuts
     D:4: 1074 daAuts
     D:1: 890 daAuts
     D:3: 828 daAuts
     D:9: 805 daAuts
     D:7: 750 daAuts
     D:8: 662 daAuts
     D:6: 618 daAuts
     D:2: 609 daAuts
   Sewer: 481 daAuts
  Lair:2: 275 daAuts
  Temple: 9 daAuts
